 Dungeon Crawl Stone Soup version 0.31-a0-214-gb37851dbb3 (webtiles) character file.

Game seed: 1523828129168349941

199 innerfire43 the Trooper (level 5, 0/43 HPs)
             Began as a Demonspawn Monk on July 1, 2023.
             Was a Believer of Uskayaw.
             Slain by an iguana (4 damage)
             ... on level 4 of the Dungeon.
             The game lasted 00:03:28 (2547 turns).

innerfire43 the Trooper (Demonspawn Monk)           Turns: 2547, Time: 00:03:28

Health: 0/43       AC:  8    Str: 13    XL:     5   Next: 48%
Magic:  5/5        EV: 12    Int: 12    God:    Uskayaw [**....]
Gold:   153        SH:  0    Dex: 15    Spells: 4/4 levels left

rFire   . . .        j - +1 spear (heavy)
rCold   . . .        d - orb {light}
rNeg    . . .        k - +0 ring mail
rPois   .            (no helmet)
rElec   .            (no cloak)
rCorr   .            (no gloves)
SInv    .            i - +0 pair of boots
Will    .....        (no amulet)
Stlth   +            (no ring)
HPRegen 0.27/turn    (no ring)
MPRegen 0.18/turn

%: no passive effects
@: hasted, glowing, very quick
A: slimy green scales 1, powered by pain 2, magic regeneration
a: Renounce Religion, Stomp, Line Pass


You were on level 4 of the Dungeon.
You worshipped Uskayaw.
Uskayaw was noncommittal.
You visited 1 branch of the dungeon, and saw 4 of its levels.

You collected 153 gold pieces.

Inventory:

Hand Weapons
 a - a +0 hand axe
 j - a +1 heavy spear (weapon)
Armour
 b - a +0 robe
 d - an orb of light (worn)
 i - a +0 pair of boots (worn)
 k - a +0 ring mail (worn)
Scrolls
 f - a scroll of teleportation
 g - a scroll of identify
 h - 3 scrolls of fear
 l - a scroll of poison {unknown}
Potions
 e - a potion of haste
 m - 2 potions of attraction {unknown}
 n - 3 potions of curing {unknown}


   Skills:
 + Level 4.3 Fighting
 - Level 3.7(3.8) Axes
 * Level 1.1(2.6) Polearms
 + Level 3.8 Dodging


You had 4 spell levels left.
You didn't know any spells.
Your spell library contained the following spells:

 Spells                   Type           Power      Damage    Failure   Level
 Sting                    Tmut/Pois      0%         1d3       58%         1
 Poisonous Vapours        Pois/Air       0%         N/A       73%         2
 Frozen Ramparts          Ice            0%         1d1       91%         3
 Ice Form                 Ice/Tmut       0%         N/A       100%        4
 Olgreb's Toxic Radiance  Pois           0%         N/A       100%        4
 Summon Ice Beast         Ice/Summ       0%         N/A       100%        4
 Malign Gateway           Summ/Tloc      0%         N/A       100%        7
 Summon Horrible Things   Summ           0%         N/A       100%        8


Dungeon Overview and Level Annotations

Branches:
Dungeon (4/15)
 Temple: D:4-7

Altars:
Uskayaw

Annotations:
D:4 Grinder


Innate Abilities, Weirdness & Mutations

You are partially covered in slimy green scales. (AC +2)
You sometimes gain power by taking damage.
You regenerate magic rapidly.


Message History

You feel invigorated. The adder closely misses you.
Unknown command.
The endoplasm closely misses you.
You puncture the endoplasm!
You kill the endoplasm!
The adder misses you. The iguana misses you. The adder barely misses you.
There are monsters nearby!
You completely miss the iguana.
You feel less invigorated.
You feel less confused. The iguana closely misses you.
The iguana barely misses you. The adder bites you but does no damage.
The iguana completely misses you.
Grinder blinks!
The iguana bites you.
You hit the iguana.
The iguana is lightly wounded.
The adder barely misses you. The iguana barely misses you.
The iguana bites you! The adder barely misses you.
You barely miss the iguana.
The iguana is lightly wounded.
The adder bites you but does no damage.
The iguana bites you but does no damage. x2
Grinder blinks!
You barely miss the iguana.
The iguana is lightly wounded.
The adder bites you but does no damage.
You puncture the iguana!
The iguana is almost dead.
The iguana bites you.
* * * LOW HITPOINT WARNING * * *
The iguana closely misses you. The adder bites you but does no damage.
You can now pass through a line of other dancers.
Unknown command.
You hit the iguana.
You kill the iguana!
The adder closely misses you. The iguana bites you.
* * * LOW HITPOINT WARNING * * *
Your base Polearms skill increases to level 1!
You hit the iguana but do no damage. The adder bites you but does no damage.
The iguana bites you.
You die...

#. ....# ##.## ....
..... ... .....###..#
##### .......... ###
###...# .........
##.####......
.......S####...##......#
.......@...#..........##
........l...........###
........<.##.##...>.#
..........#.######..##
............## ###...###
.............###....##..
.........#....#.........
.........###....##......
.........# ###.....#..##


You could see an iguana and an adder.

Vanquished Creatures
  An iguana (D:4)
  Natasha (thrice) (D:2)
  An adder (D:2)
  2 worms
  2 dart slugs
  6 orcs (D:3)
  5 bats
  3 endoplasms
  3 giant cockroaches (D:1)
  11 goblins
  10 hobgoblins
  2 quokkas
  7 ball pythons
  4 frilled lizards
  7 kobolds
  5 rats
72 creatures vanquished.

Notes
Turn   | Place    | Note
-------+----------+-------------------------------------------
     0 | D:1      | innerfire43 the Demonspawn Monk began the quest for the
                  | Orb.
     0 | D:1      | Reached XP level 1. HP: 18/18 MP: 1/1
   178 | D:1      | Gained mutation: You are partially covered in slimy green
                  | scales. (AC +2) [demonic ancestry]
   178 | D:1      | Reached XP level 2. HP: 24/24 MP: 2/2
   615 | D:1      | Gained mutation: You sometimes gain a little power by
                  | taking damage. [demonic ancestry]
   615 | D:1      | Reached XP level 3. HP: 29/29 MP: 3/3
  1190 | D:2      | Noticed Natasha
  1198 | D:2      | Killed Natasha
  1199 | D:2      | Gained mutation: You regenerate magic rapidly. [demonic
                  | ancestry]
  1199 | D:2      | Reached XP level 4. HP: 23/37 MP: 4/4
  1559 | D:2      | Noticed Natasha
  1571 | D:2      | Killed Natasha
  1572 | D:2      | Reached skill level 4 in Fighting
  1688 | D:2      | Noticed Natasha
  1695 | D:2      | Killed Natasha
  1696 | D:2      | Gained mutation: You sometimes gain power by taking damage.
                  | [demonic ancestry]
  1696 | D:2      | Reached XP level 5. HP: 26/42 MP: 5/5
  2164 | D:3      | Found a hide-covered altar of Uskayaw.
  2177 | D:3      | Became a worshipper of Uskayaw the Reveller
  2177 | D:3      | Reached * piety under Uskayaw
  2528 | D:4      | Noticed Grinder
  2545 | D:4      | Reached ** piety under Uskayaw
  2547 | D:4      | Reached skill level 1 in Polearms
  2547 | D:4      | Slain by an iguana

Illustrated notes

Levels and vault maps discovered:
D:1:      amcnicky_arrival_flooded_fountain, layout_basic, minmay_quantized
D:2:      layout_loops_ring, st_stairs_7, kennysheep_generic_room_6,
          uniq_natasha
D:3:      layout_rooms, mainiacjoe_overflow_six_doors_small,
          guppyfry_early_orc_mine
D:4:      layout_cave_pools, nicolae_kite_square_tiling_tiny, uniq_grinder

Skill      XL: |  1  2  3  4  5 |
---------------+----------------+-----
Axes           | 3 |  3.7
Dodging        | 3 |  3.8
Fighting       | 4 |  4.3
Polearms       | 1 |  1.1

Action                     |  1- 3 |  4- 6 || total
---------------------------+-------+-------++-------
  Melee: Hand axe          |    92 |    27 ||   119
         Spear             |       |    58 ||    58
    Use: Potion            |       |     4 ||     4
         Scroll            |       |     2 ||     2
 Armour: Robe              |    29 |    28 ||    57
         Ring mail         |       |    15 ||    15
  Dodge: Dodged            |    59 |    56 ||   115

Table legend: (Time is in decaauts)
 A = Elapsed time spent in this place.
 B = Non-inter-level travel time spent in this place.
 C = Inter-level travel time spent in this place.
 D = Time resting spent in this place.
 E = Time spent auto-exploring this place.
 F = Levels seen in this place.
 G = Mean time per level.
                   A        B        C        D        E       F      G
               +--------+--------+--------+--------+--------+-----+--------+
         Total |   2574 |   2481 |     93 |      0 |   2013 |   4 |  643.5 |
       Dungeon |   2574 |   2481 |     93 |      0 |   2013 |   4 |  643.5 |
               +--------+--------+--------+--------+--------+-----+--------+

Top non-repeatable levels by time:
     D:2: 975 daAuts
     D:1: 921 daAuts
     D:3: 552 daAuts
     D:4: 125 daAuts
